 Dungeon Crawl Stone Soup version 0.27-a0-1149-g4505690ab0 (webtiles) character file.

Game seed: 8022347753359344765

8972 kae the Grappler (level 11, -7/90 HPs)
             Began as a Demonspawn Fighter on May 12, 2021.
             Was a Follower of Ru.
             Killed from afar by Fannar (21 damage)
             ... with a bolt of cold
             ... on level 9 of the Dungeon on May 17, 2021.
             The game lasted 00:09:12 (8046 turns).

kae the Grappler (Demonspawn Fighter)               Turns: 8046, Time: 00:09:13

Health: -7/90      AC: 14    Str: 19    XL:     11   Next: 16%
Magic:  11/11      EV: 11    Int: 11    God:    Ru [*.....]
Gold:   529        SH:  0    Dex: 12    Spells: 10/10 levels left

rFire    . . .     SeeInvis .     - Unarmed
rCold    . . .     Faith    .   (no shield)
rNeg     . . .     Spirit   .   b - +6 scale mail
rPois    .         Reflect  .   (helmet restricted)
rElec    .         Harm     .   g - +0 cloak
rCorr    .         Rampage  .   (no gloves)
Will     .....                  (no boots)
Stlth    ..........             f - amulet of regeneration
HPRegen  3.25/turn              (no ring)
MPRegen  0.12/turn              (no ring)

@: studying Bows
A: antennae 1, claws 2, hooves 2, powered by death 2, spiny 1, no hexes magic,
no ice magic, no summoning magic
a: Renounce Religion


You were on level 9 of the Dungeon.
You worshipped Ru.
Ru was aware of your devotion.
You visited 2 branches of the dungeon, and saw 11 of its levels.
You also visited: Ossuary.

You collected 529 gold pieces.

Inventory:

Hand Weapons
 a - a +1 long sword
Armour
 b - a +6 scale mail (worn)
 c - a +0 kite shield
 g - a +0 cloak (worn)
Jewellery
 f - an amulet of regeneration (around neck)
 s - a +4 ring of evasion
Wands
 v - a wand of iceblast (14)
 z - a wand of acid (4)
Scrolls
 e - 4 scrolls of enchant weapon
 j - a scroll of magic mapping
 k - 3 scrolls of identify
 m - 3 scrolls of teleportation
 r - a scroll of amnesia
 w - 3 scrolls of blinking
Potions
 d - 2 potions of might
 h - 6 potions of curing
 i - 3 potions of flight
 l - 4 potions of heal wounds
 n - 3 potions of invisibility
 o - 2 potions of mutation
 p - 3 potions of ambrosia
 q - 3 potions of haste
 u - 2 potions of lignification


   Skills:
 - Level 10.0 Fighting
 - Level 2.3 Long Blades
 + Level 6.0 Armour
 + Level 5.2 Dodging
 - Level 2.6 Shields
 - Level 12.0 Unarmed Combat


You had 10 spell levels left.
You didn't know any spells.
Your spell library contained the following spells:

 Spells                   Type           Power      Damage    Failure   Level
 Animate Skeleton         Necr           0%         N/A       67%         1
 Apportation              Tloc           0%         N/A       67%         1
 Magic Dart               Conj           0%         1d3       67%         1
 Sandblast                Erth           0%         2d4       67%         1
 Shock                    Conj/Air       0%         1d3       67%         1
 Blink                    Tloc           N/A        N/A       82%         2
 Passwall                 Tmut/Erth      0%         N/A       82%         2
 Static Discharge         Conj/Air       0%         N/A       82%         2
 Conjure Flame            Conj/Fire      0%         6-21      96%         3
 Mephitic Cloud           Conj/Pois/Air  0%         N/A       96%         3
 Stone Arrow              Conj/Erth      0%         3d7       96%         3
 Swiftness                Air            0%         N/A       96%         3
 Airstrike                Air            0%         N/A       100%        4
 Petrify                  Tmut/Erth      0%         N/A       100%        4
 Lee's Rapid Deconstruct  Erth           0%         3d5*      100%        5
 Lightning Bolt           Conj/Air       0%         1d11      100%        5
 Corona                   Hex            Unusable   N/A       N/A         1
 Summon Small Mammal      Summ           Unusable   N/A       N/A         1
 Call Imp                 Summ           Unusable   N/A       N/A         2
 Slow                     Hex            Unusable   N/A       N/A         2

Dungeon Overview and Level Annotations

Branches:
Dungeon (10/15)            Temple (1/1) D:7         Ossuary (visited)
   Lair: D:8-11         Orc: D:9-12

Altars:
Ashenzari
Cheibriados
Dithmenos
Elyvilon
Fedhas
Gozag
Hepliaklqana
Kikubaaqudgha
Makhleb
Okawaru
Qazlal
Ru
Sif Muna
Trog
Uskayaw
Vehumet
Wu Jian
Xom
Yredelemnul
Zin
The Shining One

Annotations:
D:3 1 runed translucent door, Crazy Yiuf
D:9 Fannar
D:10 Maggie


Innate Abilities, Weirdness & Mutations

You have a pair of small antennae on your head.
You have very sharp fingernails.
You have hoof-like feet.
You regenerate health from kills.
You are partially covered in sharp spines.
You cannot study or cast Hexes magic.
You cannot study or cast Ice magic.
You cannot study or cast Summoning magic.


Message History

The ice beast is struck by your spines. The ice beast barely misses you.
The ice beast hits you but does no damage.
Fannar mumbles some strange words.
Fannar blinks!
The ice beast is struck by your spines.
You kill the ice beast!
The ice beast is struck by your spines. The ice beast barely misses you.
Fannar gestures wildly while chanting.
Fannar drains the heat from the surrounding environment!
The ice beast is frozen.
The ice beast completely resists.
Fannar gestures wildly while chanting.
Fannar hits you with a +0 quarterstaff of freezing.
Fannar freezes you. The ice beast is struck by your spines.
The ice beast hits you. The ice beast freezes you!
* * * LOW HITPOINT WARNING * * *
The ice beast closely misses you.
You scratch Fannar. You kick Fannar.
Fannar is almost dead.
Fannar casts a spell.
Fannar drains the heat from the surrounding environment!
* * * LOW HITPOINT WARNING * * *
The ice beasts are frozen.
The ice beast completely resists. x2
You scratch Fannar but do no damage. Your kick misses Fannar.
Fannar is almost dead.
The ice beast hits you but does no damage.
The ice beast is struck by your spines.
You kill the ice beast!
Fannar gestures wildly while chanting.
Fannar blinks!
Fannar gestures wildly while chanting.
You closely miss the ice beast. The ice beast is struck by your spines.
The ice beast hits you.
* * * LOW HITPOINT WARNING * * *
The ice beast freezes you!
* * * LOW HITPOINT WARNING * * *
Fannar mumbles some strange words.
The ice beast is struck by your spines.
The ice beast hits you but does no damage.
Fannar gestures at you while chanting. The bolt of cold hits you!!
You die...

#........#....#....#....
#........#....#[...#....
#........#....#....#....
##########....####.#####
#........#.......#......
#....§...#.......#......
#........#.......#......
#......Ye#.......#......
#.....Y@Y#.......#......
#........#.......#......
#......†.#.......#......
#......†>#.......#......
#.....####....####..#...
#.............#.....#...
#.............#.....#...
#.............#.....#...
#.............#.....#...


You could see Fannar and 3 ice beasts.

Vanquished Creatures
  A kobold demonologist (D:9)
  An efreet (D:9)
  A troll (D:9)
  Prince Ribbit (D:9)
  5 slime creatures (D:9)
  A hornet (D:9)
  4 yaks
  Eustachio (D:5)
  A wraith (D:9)
  5 wyverns
  A steam dragon (D:8)
  3 water moccasins
  3 orc warriors
  An ice beast (D:7)
  2 sky beasts
  2 ogres
  3 wolves
  2 phantoms
  A centaur (D:9)
  2 kobold brigands
  5 bullfrogs
  12 scorpions
  2 water moccasin skeletons (D:5)
  14 killer bees
  A howler monkey (D:9)
  2 hounds
  2 human zombies (Ossuary)
  2 centaur zombies (D:9)
  9 orc priests
  3 jellies
  2 centaur skeletons (D:7)
  3 scorpion zombies (Ossuary)
  A gnoll shaman (D:6)
  3 iguanas
  7 orc wizards
  3 mummies (Ossuary)
  A hound skeleton (D:5)
  2 howler monkey zombies
  7 gnolls
  2 howler monkey skeletons
  7 adders
  An ufetubus (D:6)
  An adder skeleton (D:4)
  A dart slug (D:5)
  A worm (D:2)
  26 orcs
  5 bats
  3 endoplasms
  6 giant cockroaches
  3 gnoll zombies (Ossuary)
  2 goblins
  4 hobgoblins
  2 jackals (D:4)
  21 kobolds
  3 quokkas
  8 ball pythons
  A frilled lizard (D:1)
  3 hobgoblin zombies (Ossuary)
  A kobold zombie (Ossuary)
  2 orc zombies (Ossuary)
  A quokka zombie (D:6)
  4 rats
  A rat zombie (D:6)
231 creatures vanquished.

Vanquished Creatures (others)
  A scorpion (Ossuary)
  2 plants (D:10)
3 creatures vanquished.

Grand Total: 234 creatures vanquished

Notes
Turn   | Place    | Note
-------+----------+-------------------------------------------
     0 | D:1      | kae the Demonspawn Fighter began the quest for the Orb.
     0 | D:1      | Reached XP level 1. HP: 18/18 MP: 1/1
   254 | D:1      | Gained mutation: You have sharp fingernails. [demonic
                  | ancestry]
   254 | D:1      | Reached XP level 2. HP: 24/24 MP: 2/2
   289 | D:1      | Found a faded altar of an unknown god.
   626 | D:2      | Reached skill level 1 in Unarmed Combat
   738 | D:2      | Gained mutation: You have very sharp fingernails. [demonic
                  | ancestry]
   738 | D:2      | Reached XP level 3. HP: 29/29 MP: 3/3
  1351 | D:2      | Reached skill level 2 in Unarmed Combat
  1508 | D:3      | Gained mutation: You have a pair of small antennae on your
                  | head. [demonic ancestry]
  1508 | D:3      | Reached XP level 4. HP: 37/37 MP: 4/4
  1683 | D:2      | Reached skill level 3 in Unarmed Combat
  1683 | D:2      | Reached XP level 5. HP: 41/42 MP: 5/5
  2151 | D:3      | Found a runed translucent door.
  2152 | D:3      | Noticed Crazy Yiuf
  2393 | D:4      | Reached skill level 9 in Unarmed Combat
  2393 | D:4      | Gained mutation: You have large cloven feet. [demonic
                  | ancestry]
  2393 | D:4      | Reached XP level 6. HP: 56/56 MP: 6/6
  2714 | D:4      | Noticed a wyvern
  2721 | D:4      | Killed a wyvern
  2722 | D:4      | Reached XP level 7. HP: 60/63 MP: 7/7
  3276 | D:5      | Entered Level 5 of the Dungeon
  3338 | D:5      | Reached skill level 10 in Unarmed Combat
  3461 | D:5      | Gained mutation: You are partially covered in sharp spines.
                  | [demonic ancestry]
  3461 | D:5      | Reached XP level 8. HP: 39/69 MP: 8/8
  3759 | D:5      | Noticed Eustachio
  3791 | D:5      | Killed Eustachio
  4052 | D:6      | Found a sand-covered staircase.
  4063 | Ossuary  | Entered an ossuary
  4251 | Ossuary  | Gained mutation: You regenerate a little health from kills.
                  | [demonic ancestry]
  4251 | Ossuary  | Reached XP level 9. HP: 76/76 MP: 9/9
  4653 | D:6      | Reached skill level 11 in Unarmed Combat
  5366 | D:7      | Found a staircase to the Ecumenical Temple.
  5716 | Temple   | Entered the Ecumenical Temple
  5970 | Temple   | Became a worshipper of Ru the Awakened
  6184 | D:8      | Gained mutation: You have hoof-like feet. [demonic
                  | ancestry]
  6184 | D:8      | Reached XP level 10. HP: 85/85 MP: 10/10
  6611 | D:8      | Reached skill level 10 in Fighting
  7144 | D:9      | Gained mutation: You cannot study or cast Ice magic. [Ru
                  | sacrifice]
  7144 | D:9      | Gained mutation: You cannot study or cast Hexes magic. [Ru
                  | sacrifice]
  7144 | D:9      | Gained mutation: You cannot study or cast Summoning magic.
                  | [Ru sacrifice]
  7144 | D:9      | Reached * piety under Ru
  7154 | D:9      | Reached skill level 12 in Unarmed Combat
  7156 | D:9      | Reached skill level 1 in Dodging
  7727 | D:9      | Noticed Prince Ribbit
  7734 | D:9      | Killed Prince Ribbit
  7735 | D:9      | Reached skill level 5 in Armour
  7859 | D:10     | Entered Level 10 of the Dungeon
  7949 | D:9      | Gained mutation: You regenerate health from kills. [demonic
                  | ancestry]
  7949 | D:9      | Reached XP level 11. HP: 67/90 MP: 11/11
  7974 | D:10     | Noticed Maggie
  7989 | D:10     | Noticed Fannar
  8001 | D:10     | Reached skill level 5 in Dodging
  8046 | D:9      | Killed from afar by Fannar

Illustrated notes

Levels and vault maps discovered:
D:1:      elethiomel_arrival_shortcut, layout_rooms,
          hellmonk_ecumenical_altar_pennies_from_heaven
D:2:      minmay_diamond_boxcup, layout_loops_ring
D:3:      cheibrodos_pilgrimage, layout_rooms, due_unseen_surprise,
          uniq_crazy_yiuf_cottage
D:4:      layout_loops_corners, item_on_display_a
D:5:      layout_gridville, uniq_eustachio
D:6:      layout_loops_cross, enter_ossuary_4
D:7:      layout_cave_pools, minmay_temple_entry_statues_fountains,
          dk_noncrumbling_4
D:8:      layout_basic
D:9:      layout_grid_maze, minivault_27, uniq_prince_ribbit1
D:10:     layout_rooms, kennysheep_mini, minmay_lair_entry_grove, st_stairs_9,
          minmay_misc_feat_columns, uniq_nergalle, uniq_maggie, uniq_fannar
Temple:   regret_index_temple_sigil_plot

Skill      XL: |  1  2  3  4  5  6  7  8  9 10 11 |
---------------+----------------------------------+-----
Long Blades    | 2 |  2.3
Unarmed Combat | 1 2 3 9 10 11 12 | 12.0
Fighting       | 4 8 9 10 | 10.0
Armour         | 5 6 |  6.0
Dodging        | 4 5 |  5.2
Shields        | |  2.6

Action                   |  1- 3 |  4- 6 |  7- 9 | 10-12 || total
-------------------------+-------+-------+-------+-------++-------
Melee: Long sword        |    92 |       |       |       ||    92
       Unarmed           |    20 |    78 |   269 |   154 ||   521
       Punch             |       |     1 |     7 |     8 ||    16
       Kick              |       |     4 |    57 |    51 ||   112
Invok: Sacrifice Arcana  |       |       |       |     1 ||     1
Evoke: Wand              |       |       |       |     5 ||     5
  Use: Scroll            |     9 |     2 |    10 |     5 ||    26
       Potion            |       |     1 |       |     1 ||     2
Armor: Scale mail        |    64 |    28 |   111 |   103 ||   306
Dodge: Dodged            |    28 |    19 |   116 |   114 ||   277
Block: Kite shield       |    63 |    13 |       |       ||    76
       Rpst.: Long sword |     7 |       |       |       ||     7

Table legend: (Time is in decaauts)
 A = Elapsed time spent in this place.
 B = Non-inter-level travel time spent in this place.
 C = Inter-level travel time spent in this place.
 D = Time resting spent in this place.
 E = Time spent auto-exploring this place.
 F = Levels seen in this place.
 G = Mean time per level.
                   A        B        C        D        E       F      G
               +--------+--------+--------+--------+--------+-----+--------+
         Total |   8027 |   7746 |    281 |    486 |   5949 |  12 |  668.9 |
       Dungeon |   7450 |   7210 |    240 |    479 |   5560 |  10 |  745.0 |
        Temple |    277 |    237 |     40 |      0 |    235 |   1 |  277.0 |
       Ossuary |    299 |    299 |      0 |      7 |    154 |   1 |  299.0 |
               +--------+--------+--------+--------+--------+-----+--------+

Top non-repeatable levels by time:
     D:2: 1045 daAuts
     D:8: 1016 daAuts
     D:9: 947 daAuts
     D:4: 879 daAuts
     D:3: 819 daAuts
     D:6: 767 daAuts
     D:5: 759 daAuts
     D:1: 592 daAuts
     D:7: 573 daAuts
 Ossuary: 299 daAuts
  Temple: 277 daAuts
    D:10: 49 daAuts
